 Dungeon Crawl Stone Soup version 0.30-a0-528-g8c47a4955b (webtiles) character file.

Game seed: 12223313036844047027

15185 arthad the Geomancer (level 12, -5/62 HPs)
             Began as a Gargoyle Earth Elementalist on Dec 23, 2022.
             Was a Believer of Sif Muna.
             Slain by a boulder beetle (17 damage)
             ... on level 13 of the Dungeon.
             The game lasted 00:56:25 (13863 turns).

arthad the Geomancer (Gargoyle Earth Elementalist) Turns: 13863, Time: 00:56:25

Health: -5/62      AC: 24    Str: 13    XL:     12   Next: 24%
Magic:  3/24       EV: 13    Int: 23    God:    Sif Muna [**....]
Gold:   711        SH:  6    Dex: 10    Spells: 17/27 levels left

rFire   + . .      SeeInvis +    T - +4 double sword (flame)
rCold   . . .      Faith    .    m - +2 buckler {AC+3}
rNeg    + . .      Spirit   .    a - +2 robe {rF+}
rPois   ∞          Reflect  .    D - +2 helmet {Int+3}
rElec   +          Harm     .    P - +0 cloak
rCorr   .          Rampage  .    J - +0 pair of gloves
Will    .....                    d - +2 pair of boots
Stlth   +++                      (no amulet)
HPRegen 0.30/turn                n - ring of see invisible
MPRegen 0.19/turn                (no ring)

@: marked
A: sickness immunity, AC +8, negative energy resistance 1, electricity
resistance, torment resistance 1, petrification resistance
a: Renounce Religion, Channel Magic


You were on level 13 of the Dungeon.
You worshipped Sif Muna.
Sif Muna was pleased with you.
You visited 2 branches of the dungeon, and saw 14 of its levels.
You also visited: Bailey.

You collected 711 gold pieces.

Inventory:

Hand Weapons
 o - a +0 bardiche
 w - a +4 glaive
 N - a +1 demon whip of venom
 T - a +4 double sword of flaming (weapon)
Missiles
 j - 17 poisoned darts
 v - 5 atropa-tipped darts
Armour
 a - a +2 robe of fire resistance (worn)
 b - a +4 chain mail
 d - a +2 pair of boots (worn)
 m - a +2 buckler of protection (worn)
 B - +0 storm dragon scales
 C - a +4 ring mail of poison resistance
 D - a +2 helmet of intelligence (worn)
 I - a +1 robe of cold resistance
 J - a +0 pair of gloves (worn)
 P - a +0 cloak (worn)
Magical Staves
 A - a staff of air
 E - a staff of conjuration
Jewellery
 n - a ring of see invisible (left hand)
 u - a ring of ice
 F - a ring of ice
Wands
 p - a wand of flame (28)
 r - a wand of mindburst (5)
 y - a wand of paralysis (19)
 H - a wand of polymorph (3)
 R - a wand of digging (6)
Scrolls
 h - 4 scrolls of magic mapping
 i - 2 scrolls of immolation
 l - 5 scrolls of teleportation
 s - a scroll of enchant weapon
 G - a scroll of fear
 L - a scroll of fog
 M - 2 scrolls of blinking
Potions
 c - 6 potions of curing
 e - 2 potions of might
 f - 2 potions of attraction
 k - a potion of brilliance
 q - 2 potions of heal wounds
 t - 2 potions of berserk rage
 x - 3 potions of lignification
 z - a potion of cancellation
 K - a potion of invisibility
 O - 3 potions of ambrosia
 Q - a potion of mutation
Miscellaneous
 g - a tin of tremorstones (2/2)
 S - a lightning rod (4/4)


   Skills:
 + Level 1.7 Fighting
 + Level 1.5 Staves
 - Level 3.7 Armour
 + Level 5.4 Dodging
 - Level 7.7 Stealth
 * Level 2.6 Shields
 * Level 8.3 Spellcasting
 - Level 9.1 Conjurations
 + Level 1.1 Hexes
 + Level 5.2 Transmutations
 - Level 10.7 Earth Magic
 * Level 5.1 Invocations


You had 17 spell levels left.
You knew the following spells:

 Your Spells              Type           Power      Damage    Failure   Level
a - Sandblast             Erth           100%       2d20      1%          1
b - Stone Arrow           Conj/Erth      100%       3d13      1%          3
c - Petrify               Tmut/Erth      46%        N/A       3%          4
d - Ensorcelled Hibernat  Hex/Ice        24%        N/A       11%         2

Your spell library contained the following spells:

 Spells                   Type           Power      Damage    Failure   Level
 Passwall                 Tmut/Erth      38%        N/A       1%          2
 Hailstorm                Conj/Ice       30%        3d8       4%          3
 Freeze                   Ice            36%        1d5       9%          1
 Summon Small Mammal      Summ           36%        N/A       9%          1
 Spider Form              Tmut/Pois      21%        N/A       9%          3
 Flame Wave               Conj/Fire      30%        2d9       14%         4
 Sticky Flame             Conj/Fire      30%        2d5       14%         4
 Inner Flame              Hex/Fire       12%        N/A       22%         3
 Summon Guardian Golem    Hex/Summ       12%        N/A       22%         3
 Call Canine Familiar     Summ           9%         N/A       26%         3
 Frozen Ramparts          Ice            18%        1d3       26%         3
 Gell's Gravitas          Tloc           9%         N/A       26%         3
 Lesser Beckoning         Tloc           18%        N/A       26%         3
 Teleport Other           Tloc           9%         N/A       26%         3
 Anguish                  Hex/Necr       6%         N/A       56%         4
 Orb of Destruction       Conj           25%        9d9       87%         7
 Summon Forest            Summ/Tloc      4%         N/A       94%         5
 Eringya's Noxious Bog    Tmut/Pois      10%        N/A       99%         6
 Spellforged Servitor     Conj/Summ      15%        N/A       100%        7
 Summon Hydra             Summ           4%         N/A       100%        7


Dungeon Overview and Level Annotations

Branches:
Dungeon (13/15)            Temple (1/1) D:6            Lair (0/5) D:9
    Orc (0/2) D:9          Bailey (visited)
 Vaults: D:13-14

Altars:
Ashenzari
Cheibriados
Dithmenos
Elyvilon
Fedhas
Gozag
Hepliaklqana
Kikubaaqudgha
Makhleb
Nemelex Xobeh
Okawaru
Qazlal
Ru
Sif Muna
Trog
Uskayaw
Vehumet
Wu Jian
Xom
Yredelemnul
Zin
The Shining One

Shops:
D:11 *

Annotations:
D:9 4 runed translucent doors
D:11 3 runed translucent doors, sirJeffrey23's ghost, journeyman DsFi


Innate Abilities, Weirdness & Mutations

You are immune to sickness and miasma.
Your stone body is resilient. (AC +8)
You are immune to poison.
You resist negative energy. (rN+)
You are resistant to electric shocks. (rElec)
You are resistant to unholy torment.
You are immune to petrification.


Message History

Aiming: Stone Arrow (safe; 1% risk of failure)
Press: ? - help, Shift-Dir - straight line, f/p - boulder beetle
Aim: a boulder beetle (heavily wounded, petrifying slowly, 100% to hit)
The stone arrow hits the boulder beetle!!
The boulder beetle is severely wounded.
The boulder beetle stops moving altogether!
The unseen horror hits you but does no damage.
You block the unseen horror's attack.
Unknown command.
Unknown command.
Unknown command.
Your +4 double sword of flaming bursts into flame!
T - a +4 double sword of flaming (weapon)
The unseen horror hits you but does no damage.
Unknown command.
The helpless boulder beetle fails to defend itself.
You slice the boulder beetle!! You burn the boulder beetle.
The boulder beetle is almost dead.
The unseen horror hits you but does no damage.
The unseen horror misses you.
The unseen horror hits you but does no damage.
The helpless boulder beetle fails to defend itself.
You slash the boulder beetle! You burn the boulder beetle.
The boulder beetle is almost dead.
The unseen horror hits you but does no damage.
The unseen horror hits you!
A centaur warrior comes into view.
You block the unseen horror's attack.
The centaur warrior wields a +0 longbow.
The centaur warrior shoots an arrow.
The arrow hits you!! The unseen horror misses you.
The helpless boulder beetle fails to defend itself.
You hit the boulder beetle. You burn the boulder beetle.
The boulder beetle is almost dead.
The boulder beetle is no longer petrified.
The unseen horror hits you. The unseen horror closely misses you.
The centaur warrior shoots an arrow.
The arrow hits you!!
* * * LOW HITPOINT WARNING * * *
The boulder beetle bites you!
You die...

##........
#.c.......
#.........
#.........
###.........
#...<###...# #
##.##### .
#.#.#.#......#
.......@x....#
......B..x...+
.............#
.............+
.............#
......<......#
......#..#####
..........


You could see a boulder beetle, a centaur warrior and 2 unseen horrors.

Vanquished Creatures
  Josephine (D:10)
  Fannar (D:10)
  A two-headed ogre (D:7)
  A boulder beetle (D:12)
  A tengu warrior (D:11)
  Urug (D:10)
  Amaemon (D:8)
  An orc knight (Bailey)
  Pikel (D:9)
  A deep elf pyromancer (D:12)
  Maurice (D:9)
  A gargoyle (D:12)
  An orange demon (D:8)
  A komodo dragon (D:12)
  Psyche (D:9)
  A troll (D:12)
  A queen bee (D:9)
  2 vampires
  A wyvern (D:9)
  7 wraiths
  9 yaks
  6 vampire mosquitoes (D:12)
  2 acid dragons
  A floating eye (D:12)
  An ice beast (D:6)
  10 orc warriors
  4 centaurs
  2 ogres
  A phantom (D:6)
  A kobold brigand (D:10)
  4 bullfrogs
  A gnoll sergeant (D:8)
  3 scorpions
  22 killer bees (D:9)
  3 electric eels (D:8)
  4 howler monkeys
  A jelly (D:7)
  6 orc priests
  2 hounds
  9 orc wizards
  An iguana (D:7)
  Robin (D:2)
  6 adders
  5 gnolls (D:8)
  2 shadow imps
  An ufetubus (D:4)
  A worm (D:5)
  2 dart slugs
  46 orcs
  10 bats
  12 endoplasms
  5 giant cockroaches
  17 goblins
  10 hobgoblins
  4 jackals (D:3)
  12 kobolds
  2 quokkas
  7 ball pythons
  2 frilled lizards (D:1)
  A rat (D:1)
266 creatures vanquished.

Vanquished Creatures (others)
  11 plants
11 creatures vanquished.

Grand Total: 277 creatures vanquished

Notes
Turn   | Place    | Note
-------+----------+-------------------------------------------
     0 | D:1      | arthad the Gargoyle Earth Elementalist began the quest for
                  | the Orb.
     0 | D:1      | Reached XP level 1. HP: 10/10 MP: 3/3
    45 | D:1      | You fall into a shaft and drop 1 floor!
    86 | D:2      | Noticed Robin
   102 | D:2      | Reached skill level 1 in Transmutations
   102 | D:2      | Reached XP level 2. HP: 13/15 MP: 0/5
   450 | D:1      | Reached XP level 3. HP: 19/19 MP: 2/6
   722 | D:1      | Reached skill level 4 in Earth Magic
   985 | D:1      | Learned a level 3 spell: Stone Arrow
  1476 | D:2      | Reached XP level 4. HP: 24/24 MP: 2/7
  1552 | D:2      | Killed Robin
  1608 | D:2      | Reached skill level 1 in Conjurations
  1737 | D:2      | Found a faded altar of an unknown god.
  2137 | D:3      | Reached XP level 5. HP: 28/28 MP: 6/9
  2512 | D:3      | Found a sparkling altar of Nemelex Xobeh.
  3132 | D:4      | Found a blossoming altar of Fedhas.
  3442 | D:4      | Reached XP level 6. HP: 32/32 MP: 8/10
  3524 | D:4      | Noticed an orc warrior
  3529 | D:4      | Killed an orc warrior
  3530 | D:4      | Reached skill level 5 in Earth Magic
  4097 | D:5      | Entered Level 5 of the Dungeon
  4102 | D:5      | Reached XP level 7. HP: 36/36 MP: 5/12
  4155 | D:5      | Found a burning altar of Makhleb.
  4532 | D:5      | Learned a level 4 spell: Petrify
  4713 | D:5      | Found a white marble altar of Elyvilon.
  4908 | D:6      | Reached skill level 6 in Earth Magic
  5018 | D:6      | Reached XP level 8. HP: 41/41 MP: 7/14
  5254 | D:6      | Found an opulent altar of Gozag.
  5255 | D:6      | Found a staircase to the Ecumenical Temple.
  5805 | D:7      | Found a sacrificial altar of Ru.
  5942 | D:7      | Found a flagged portal.
  5954 | Bailey   | Entered a bailey
  6427 | Bailey   | Reached skill level 5 in Stealth
  6427 | Bailey   | Reached skill level 5 in Spellcasting
  6427 | Bailey   | Reached skill level 5 in Conjurations
  6427 | Bailey   | Reached skill level 7 in Earth Magic
  6446 | Bailey   | Reached XP level 9. HP: 24/45 MP: 8/16
  6575 | Bailey   | Noticed an orc knight
  6581 | Bailey   | Killed an orc knight
  6996 | D:7      | Reached skill level 8 in Earth Magic
  7380 | D:7      | Noticed a two-headed ogre
  7385 | D:7      | Killed a two-headed ogre
  7386 | D:7      | Reached XP level 10. HP: 35/50 MP: 2/19
  7390 | D:7      | Learned a level 2 spell: Ensorcelled Hibernation
  7818 | D:8      | Reached skill level 1 in Armour
  7953 | D:8      | Noticed an orange demon
  7954 | D:8      | Noticed Amaemon
  7961 | D:8      | Killed Amaemon
  7962 | D:8      | Reached skill level 9 in Earth Magic
  8120 | Temple   | Entered the Ecumenical Temple
  8180 | Temple   | Became a worshipper of Sif Muna the Loreminder
  8241 | D:8      | Killed an orange demon
  8963 | D:9      | Upgraded the game from 0.30-a0-509-gd016549fea to
                  | 0.30-a0-528-g8c47a4955b
  9087 | D:9      | Reached * piety under Sif Muna
  9228 | D:9      | Found a staircase to the Orcish Mines.
  9375 | D:9      | Noticed Psyche
  9379 | D:9      | Killed Psyche
  9380 | D:9      | Reached skill level 1 in Invocations
  9669 | D:9      | Found a huge runed translucent gate.
  9669 | D:9      | Found a huge runed translucent gate.
  9675 | D:9      | Reached XP level 11. HP: 54/54 MP: 19/21
  9902 | D:9      | Found a staircase to the Lair.
  9927 | D:9      | Noticed Pikel
  9933 | D:9      | Killed Pikel
  9946 | D:9      | Reached skill level 10 in Earth Magic
  9958 | D:9      | Noticed Maurice
 10096 | D:9      | Found a shimmering altar of Xom.
 10102 | D:9      | Found a hide-covered altar of Uskayaw.
 10106 | D:9      | Found a radiant altar of Vehumet.
 10131 | D:9      | Killed Maurice
 10302 | D:9      | Found a huge runed translucent gate.
 10302 | D:9      | Found a huge runed translucent gate.
 10441 | D:10     | Entered Level 10 of the Dungeon
 11298 | D:10     | Noticed Josephine
 11301 | D:10     | Noticed Fannar
 11306 | D:10     | Killed Josephine
 11306 | D:10     | Noticed Urug
 11307 | D:10     | Reached skill level 5 in Dodging
 11332 | D:10     | Killed Urug
 11339 | D:10     | Killed Fannar
 11548 | D:11     | Reached skill level 5 in Transmutations
 11691 | D:11     | Noticed a tengu warrior
 11700 | D:11     | Killed a tengu warrior
 12349 | D:11     | Found a runed translucent gate.
 12349 | D:11     | Found a runed translucent gate.
 12350 | D:11     | Found a runed translucent gate.
 12350 | D:11     | Found an opulent altar of Gozag.
 12388 | D:11     | Noticed a manticore
 12388 | D:11     | Noticed a two-headed ogre
 12470 | D:11     | Noticed a cyclops
 12471 | D:11     | Noticed sirJeffrey23's ghost (journeyman DsFi)
 12471 | D:11     | Noticed a flayed ghost
 12472 | D:11     | Found Metwib Xytzi's Assorted Antiques.
 12541 | D:12     | Reached ** piety under Sif Muna
 12545 | D:12     | Noticed a boulder beetle
 12546 | D:12     | Reached skill level 1 in Shields
 12866 | D:12     | Noticed a deep elf pyromancer
 12873 | D:12     | Reached XP level 12. HP: 60/60 MP: 14/24
 12951 | D:12     | Reached skill level 1 in Fighting
 13109 | D:12     | Killed a boulder beetle
 13110 | D:12     | Reached skill level 1 in Staves
 13571 | D:12     | Noticed a boulder beetle
 13572 | D:12     | a boulder beetle changed into a floating eye
 13575 | D:12     | Reached skill level 1 in Hexes
 13575 | D:12     | Reached skill level 5 in Invocations
 13851 | D:13     | Noticed a boulder beetle
 13862 | D:13     | Noticed a centaur warrior
 13863 | D:13     | Slain by a boulder beetle

Illustrated notes

Levels and vault maps discovered:
D:1:      dpeg_arrival_round_c, layout_basic, fountainhead
D:2:      cheibrodos_pilgrimage, layout_rooms,
          hellmonk_ecumenical_altar_defaced_shrine, minmay_box_of_dots,
          uniq_robin
D:3:      layout_rooms, mainiacjoe_overflow_six_doors_small,
          minmay_increasing_density
D:4:      layout_basic, general_overflow_altar, guppyfry_early_orc_mine
D:5:      layout_cave_pools, mainiacjoe_overflow_catwalk_spiral
D:6:      layout_basic, grunt_gozag_statues, minmay_temple_entry_enclosed_plants
D:7:      layout_layer_cave, nicolae_ru_sacrificial_ziggurat, enter_bailey_5
D:8:      layout_cave_pools, serial_bayou_lake_a, uniq_amaemon
D:9:      lemuel_bear_cage, layout_stronghold, grunt_temple_overflow_open,
          dpeg_oklobed_lair, orc_0_dummy, minivault_7, uniq_pikel, uniq_maurice,
          uniq_psyche
D:10:     layout_irregular_city, nicolae_elevator_lobby_asterisk, uniq_fannar,
          uniq_urug, uniq_josephine
D:11:     layout_irregular_city, ebering_ghost_gozag
D:12:     layout_roguey
D:13:     evilmike_library_of_no_secrets, layout_basic, grunt_decor_fettered
Temple:   nicolae_temple_god_jail

Skill      XL: |  1  2  3  4  5  6  7  8  9 10 11 12 |
---------------+-------------------------------------+-----
Transmutations | 1 2 3 4 5 |  5.2
Earth Magic    | 4 5 6 7 8 9 10 | 10.7
Dodging        | 2 3 4 5 |  5.4
Stealth        | 3 4 5 6 7 |  7.7
Conjurations   | 1 2 3 5 6 8 9 |  9.1
Spellcasting   | 3 4 5 6 7 8 |  8.3
Armour         | 2 3 |  3.7
Invocations    | 1 4 5 |  5.1
Shields        | 1 2 |  2.6
Fighting       | 1 |  1.7
Staves         | 1 |  1.5
Hexes          | 1 |  1.1

Action                   |  1- 3 |  4- 6 |  7- 9 | 10-12 || total
-------------------------+-------+-------+-------+-------++-------
Melee: Unarmed           |    39 |       |       |       ||    39
       Punch             |     1 |       |       |       ||     1
       Staff             |       |       |    11 |    12 ||    23
       Double sword      |       |       |       |     3 ||     3
Throw: Dart              |       |       |     5 |       ||     5
 Cast: Sandblast         |    52 |    71 |   126 |    80 ||   329
       Stone Arrow       |       |     7 |    47 |   165 ||   219
       Petrify           |       |       |       |     6 ||     6
Invok: Channel Magic     |       |       |       |     1 ||     1
Evoke: Wand              |       |       |     8 |     1 ||     9
       Lightning rod     |       |       |       |     2 ||     2
  Use: Potion            |       |       |     6 |     5 ||    11
       Scroll            |       |       |    17 |     9 ||    26
 Stab: Petrified         |       |       |       |     3 ||     3
Armor: Robe              |    25 |     6 |    46 |    80 ||   157
Dodge: Dodged            |    32 |    14 |    82 |   116 ||   244
Block: Buckler           |       |       |       |     7 ||     7

Table legend: (Time is in decaauts)
 A = Elapsed time spent in this place.
 B = Non-inter-level travel time spent in this place.
 C = Inter-level travel time spent in this place.
 D = Time resting spent in this place.
 E = Time spent auto-exploring this place.
 F = Levels seen in this place.
 G = Mean time per level.
                   A        B        C        D        E       F      G
               +--------+--------+--------+--------+--------+-----+--------+
         Total |  14045 |  13465 |    580 |   2475 |   8791 |  15 |  936.3 |
       Dungeon |  12909 |  12358 |    551 |   2095 |   8383 |  13 |  993.0 |
        Temple |     77 |     49 |     28 |      0 |     29 |   1 |   77.0 |
        Bailey |   1058 |   1058 |      0 |    380 |    379 |   1 | 1058.0 |
               +--------+--------+--------+--------+--------+-----+--------+

Top non-repeatable levels by time:
     D:9: 1422 daAuts
     D:4: 1341 daAuts
     D:8: 1237 daAuts
    D:11: 1181 daAuts
    D:12: 1146 daAuts
     D:1: 1136 daAuts
    D:10: 1079 daAuts
  Bailey: 1058 daAuts
     D:6: 998 daAuts
     D:7: 902 daAuts
     D:2: 887 daAuts
     D:3: 844 daAuts
     D:5: 711 daAuts
  Temple: 77 daAuts
    D:13: 19 daAuts
